 Dungeon Crawl Stone Soup version 0.21.1-1-g345015f (webtiles) character file.

459 FRamirez the Grave Robber (level 6, -2/42 HPs)
             Began as a Vampire Necromancer on Mar 7, 2018.
             Slain by a kobold
             ... wielding a +0 dagger of freezing
              (4 damage)
             ... in a sewer.
             The game lasted 00:42:40 (4991 turns).

FRamirez the Grave Robber (Vampire Necromancer)     Turns: 4991, Time: 00:42:41

Health: -2/42      AC:  5    Str:  7    XL:     6   Next: 78%
Magic:  2/13       EV:  9    Int: 19    God:
Gold:   137        SH:  6    Dex: 15    Spells: 12/14 levels left

rFire    + . .     SeeInvis +   q - +0 short sword
rCold    + . .     Gourm    .   p - +0 shield
rNeg     + + .     Faith    .   o - +0 leather armour
rPois    +         Spirit   .   u - +0 helmet
rElec    .         Reflect  .   k - +0 cloak
rCorr    .         Harm     .   (no gloves)
MR       .....                  (no boots)
Stlth    ++........             (no amulet)
HPRegen  0.07/turn              i - ring of protection from fire
MPRegen  0.13/turn              a - ring of poison resistance

@: very slightly contaminated, regenerating slowly, very slow
A: fangs 3, see invisible, unbreathing
a: Bat Form


You were in a sewer.
You were very thirsty.

You visited 2 branches of the dungeon, and saw 5 of its levels.
You also visited: Sewer.

You collected 137 gold pieces.

Inventory:

Hand Weapons
 j - a +0 blowgun
 q - a +0 short sword (weapon)
Missiles
 r - 6 poisoned needles
Armour
 k - a +0 cloak (worn)
 o - a +0 leather armour (worn)
 p - a +0 shield (worn)
 u - a +0 helmet (worn)
Jewellery
 a - a ring of poison resistance (right hand)
 i - a ring of protection from fire (left hand)
 n - an uncursed ring of see invisible
Wands
 t - a wand of disintegration (7)
 v - a wand of digging (14)
Scrolls
 c - 2 scrolls of fog
 d - 2 scrolls of teleportation
 e - 2 scrolls of magic mapping
 l - 2 scrolls of identify
Potions
 f - a potion of berserk rage
 g - 3 potions of curing
 h - a potion of agility
 m - a potion of invisibility {unknown}
 s - a potion of magic
Books
 b - a book of Necromancy

   Spells                             Type                      Level
   a - Pain                           Necromancy                   1
   b - Animate Skeleton               Necromancy                   1
   c - Vampiric Draining              Necromancy                   3
   d - Regeneration                   Charms/Necromancy            3
   e - Animate Dead                   Necromancy                   4
   f - Borgnjor's Vile Clutch         Necromancy/Earth             5


   Skills:
 + Level 0.7 Fighting
 + Level 0.3 Short Blades
 + Level 0.6 Throwing
 + Level 0.9 Armour
 + Level 3.0 Dodging
 + Level 3.3 Stealth
 + Level 0.1 Shields
 + Level 4.7 Spellcasting
 + Level 6.3 Necromancy


You had 12 spell levels left.
You knew the following spells:

 Your Spells              Type           Power        Failure   Level  Hunger
a - Pain                  Necr           ####         10%         1    None
b - Animate Skeleton      Necr           N/A          10%         1    None


Dungeon Overview and Level Annotations

Branches:
Dungeon (4/15)             Temple (1/1) D:4

Altars:
Ashenzari
Cheibriados
Elyvilon
Fedhas
Gozag
Hepliaklqana
Kikubaaqudgha
Nemelex Xobeh
Okawaru
Qazlal
Trog
Uskayaw
Vehumet
Xom
Yredelemnul
Zin
The Shining One

Annotations:
D:4 horsey's ghost, amateur FoGl


Innate Abilities, Weirdness & Mutations

You heal slowly.
You have razor-sharp teeth.
You have supernaturally acute eyesight. (SInv)
You can survive without breathing.


Message History

Confirm with . or Enter, or press ? or * to list all spells.
Aiming: Pain
Press: ? - help, Shift-Dir - straight line, f/p - big kobold
Aim: a big kobold, wielding a dagger (almost dead, chance to defeat MR: 84%)
The big kobold writhes in agony!
You kill the big kobold!
Your Dodging skill increases to level 3!
The kobold closely misses you.
The kobold splashes around in the water.
You see here a dagger.
You enter the shallow water.
Moving in this stuff is going to be slow.
You see here a stone.
You enter the shallow water.
Moving in this stuff is going to be slow.
You enter the shallow water.
Moving in this stuff is going to be slow.
The kobold misses you. The kobold hits you but does no damage.
The kobold hits you with a dagger of freezing.
You die...

##≈# #≈≈## #≈≈≈# #≈≈≈#
#≈≈≈# #≈≈≈# ##≈≈≈##
#K≈≈≈.# #K@≈≈.###
#.K≈≈..∩# #≈≈≈≈.###
#.≈≈≈.# ##(≈≈≈.##
##############..≈≈≈≈.#
≈≈≈≈≈≈≈≈≈≈≈≈≈≈≈≈≈≈≈.≈#
##############.≈≈≈≈.≈#
#≈)≈≈≈≈.#


You could see 3 kobolds.

Vanquished Creatures
  A big kobold (Sewer)
  A scorpion (D:4)
  A hound (D:4)
  Crazy Yiuf (D:2)
  Ijyb (D:3)
  2 orc wizards (D:4)
  A worker ant (D:4)
  3 gnolls (D:3)
  5 adders
  A river rat (Sewer)
  4 worms (D:2)
  4 dart slugs
  3 leopard geckos
  6 orcs
  9 bats
  4 giant cockroaches
  5 goblins
  5 hobgoblins
  5 jackals
  7 kobolds
  3 frilled lizards
  10 rats
82 creatures vanquished.

Notes
Turn   | Place    | Note
-------+----------+-------------------------------------------
     0 | D:1      | FRamirez the Vampire Necromancer began the quest for the Orb.
     0 | D:1      | Reached XP level 1. HP: 13/13 MP: 3/3
   158 | D:1      | Reached XP level 2. HP: 13/19 MP: 0/5
   310 | D:1      | Learned a level 1 spell: Animate Skeleton
   842 | D:2      | Reached XP level 3. HP: 21/24 MP: 0/6
  1102 | D:2      | Reached skill level 5 in Necromancy
  1648 | D:2      | Reached XP level 4. HP: 27/30 MP: 4/8
  2553 | D:2      | Found a runed door.
  2557 | D:2      | Noticed Crazy Yiuf
  2566 | D:2      | Killed Crazy Yiuf
  3193 | D:3      | Reached XP level 5. HP: 34/35 MP: 5/9
  3461 | D:3      | Noticed Ijyb
  3469 | D:3      | Killed Ijyb
  4115 | D:4      | Found an iron altar of Okawaru.
  4115 | D:4      | Found a stormy altar of Qazlal.
  4124 | D:4      | Reached skill level 6 in Necromancy
  4125 | D:4      | Found an opulent altar of Gozag.
  4125 | D:4      | Found a hide-covered altar of Uskayaw.
  4125 | D:4      | Found an ancient bone altar of Kikubaaqudgha.
  4126 | D:4      | Found a blossoming altar of Fedhas.
  4126 | D:4      | Found a stormy altar of Qazlal.
  4126 | D:4      | Found a stormy altar of Qazlal.
  4126 | D:4      | Found a shimmering altar of Xom.
  4126 | D:4      | Found a blossoming altar of Fedhas.
  4128 | D:4      | Found a shattered altar of Ashenzari.
  4143 | D:4      | Found a basalt altar of Yredelemnul.
  4151 | D:4      | Found a staircase to the Ecumenical Temple.
  4158 | Temple   | Entered the Ecumenical Temple
  4395 | D:4      | Reached XP level 6. HP: 40/42 MP: 8/12
  4461 | D:4      | Noticed horsey's ghost (amateur FoGl)
  4465 | D:4      | Found a glowing golden altar of the Shining One.
  4565 | D:4      | Found a glowing drain.
  4574 | Sewer    | Entered a sewer
  4977 | Sewer    | HP: 2/42 [kobold/stone (2)]
  4991 | Sewer    | Slain by a kobold

Skill      XL: |  1  2  3  4  5  6 |
---------------+-------------------+-----
Necromancy     | 5 6 |  6.3
Spellcasting   | 3 4 |  4.7
Dodging        | 3 |  3.0
Fighting       | |  0.7
Short Blades   | |  0.3
Throwing       | |  0.6
Armour         | |  0.9
Stealth        | |  3.3
Shields        | |  0.1

Action                   |  1- 3 |  4- 6 || total
-------------------------+-------+-------++-------
Melee: Dagger            |    41 |     5 ||    46
       Bite              |     5 |     4 ||     9
       Short sword       |     5 |    26 ||    31
 Fire: Blowgun           |       |    24 ||    24
 Cast: Pain              |    82 |   114 ||   196
       Animate Skeleton  |     1 |       ||     1
 Abil: End Transformatio |       |     1 ||     1
       Bat Form          |       |     1 ||     1
  Use: Scroll            |     4 |     4 ||     8
       Potion            |       |     1 ||     1
  Eat: Corpse            |     8 |     5 ||    13
Armor: Robe              |    15 |       ||    15
       Leather armour    |       |    15 ||    15
Dodge: Dodged            |    63 |    18 ||    81
Block: Shield            |       |    22 ||    22
